 Dungeon Crawl Stone Soup version 0.22-a0-538-g76cc104 (webtiles) character file.

142 kae the Insei (level 5, -8/58 HPs)
             Began as a Demonspawn Transmuter on June 23, 2018.
             Blown up by Ijyb (21 damage)
             ... with a wand of disintegration (7)
             ... on level 3 of the Dungeon.
             The game lasted 00:02:55 (2527 turns).

kae the Insei (Demonspawn Transmuter)               Turns: 2527, Time: 00:02:55

Health: -8/58      AC: 22    Str: 10    XL:     5   Next: 4%
Magic:  8/8        EV:  2    Int: 15    God:
Gold:   106        SH:  3    Dex: 14    Spells: 3/9 levels left

rFire    . . .     SeeInvis .   g - +0 spear
rCold    . . .     Gourm    .   m - +0 buckler
rNeg     + + +     Faith    .   (armour currently unavailable)
rPois    +         Spirit   .   (helmet currently unavailable)
rElec    .         Reflect  .   (cloak currently unavailable)
rCorr    .         Harm     .   (gloves currently unavailable)
MR       .....     NoTele   +   (boots currently unavailable)
Stlth    +.........             (no amulet)
HPRegen  0.19/turn              (no ring)
MPRegen  0.11/turn              (no ring)

@: tree-form, hasted, very quick
A: rugged brown scales 1, demonic guardian 1
a: no special abilities


You were on level 3 of the Dungeon.
You were hungry.
You were a tree.
You visited 1 branch of the dungeon, and saw 3 of its levels.

You collected 106 gold pieces.

Inventory:

Hand Weapons
 g - a +0 spear (weapon)
Armour
 b - a +0 robe
 j - a +0 ring mail
 m - a +0 buckler (worn)
 p - a cursed +0 leather armour (melded)
Jewellery
 c - an uncursed ring of fire {unknown}
 q - an uncursed amulet of the gourmand {unknown}
Scrolls
 k - a scroll of blinking {unknown}
 n - a scroll of remove curse {unknown}
Potions
 a - a potion of degeneration
 f - a potion of brilliance
 h - 2 potions of flight
 o - 4 potions of invisibility {unknown}
Comestibles
 d - 5 rations


   Skills:
 + Level 2.1 Fighting
 - Level 1.7 Dodging
 + Level 0.0 Shields
 * Level 3.7 Unarmed Combat
 + Level 2.6 Spellcasting
 * Level 3.0 Transmutations


You had 3 spell levels left.
You knew the following spells:

 Your Spells              Type           Power        Failure   Level  Hunger
a - Beastly Appendage     Tmut           ##....       10%         1    #......
b - Sticks to Snakes      Tmut           ##......     16%         2    ###....
c - Spider Form           Tmut/Pois      #.........   50%         3    ###....

Your spell library contained the following spells:

 Spells                   Type           Power        Failure   Level  Hunger
 Blade Hands              Tmut           ##........   95%         5    ######.
 Ice Form                 Ice/Tmut       #.......     88%         4    #####..


Dungeon Overview and Level Annotations

Branches:
Dungeon (3/15)

Altars:

Annotations:
D:3 Ijyb


Innate Abilities, Weirdness & Mutations

(You are partially covered in rugged brown scales. (AC +1, +3% HP))
A weak demonic guardian rushes to your aid.
((You are partially covered in sharp spines.))


Message History

You hit Ijyb but do no damage.
Ijyb is moderately wounded.
Ijyb zaps a wand.
You are blasted!
You barely miss Ijyb.
Ijyb is moderately wounded.
Ijyb zaps a wand.
You are blasted!
You hit Ijyb but do no damage.
Ijyb is moderately wounded.
You barely miss Ijyb.
Ijyb is moderately wounded.
Ijyb zaps a wand.
You are blasted!
* * * LOW HITPOINT WARNING * * *
You hit Ijyb but do no damage.
Ijyb is moderately wounded.
Ijyb zaps a wand.
You are blasted!
* * * LOW HITPOINT WARNING * * *
You hit Ijyb.
Ijyb is moderately wounded.
Ijyb zaps a wand.
You are blasted!
You die...

###.#.######)#..##.########
##....#####..##.#..........
....#.#.....###.#..........
....≈.≈....................
...≈.≈.≈....###.......)...
...#...###### ##......#
...#.≈.# #....### ...#...#
#....# ...#.≈.# #♣#..# ...#
.# #g#..# #.?#..# ....#..#
.......... ...##........ ..
#.#.>.... # ..#... #.##....


You could see Ijyb.

Vanquished Creatures
  An orc priest (D:3)
  4 adders (D:2)
  An ooze (D:3)
  A dart slug (D:2)
  3 leopard geckos
  3 orcs (D:3)
  3 ball pythons
  13 bats
  2 giant cockroaches
  A quokka (D:2)
  3 frilled lizards
  9 goblins
  4 kobolds
  4 rats
52 creatures vanquished.

Vanquished Creatures (collateral kills)
  An orc wizard (D:3)
  A leopard gecko (D:3)
  A giant cockroach (D:3)
  2 ball pythons
  A frilled lizard (D:2)
  2 kobolds
8 creatures vanquished.

Grand Total: 60 creatures vanquished

Notes
Turn   | Place    | Note
-------+----------+-------------------------------------------
     0 | D:1      | kae the Demonspawn Transmuter began the quest for the Orb.
     0 | D:1      | Reached XP level 1. HP: 15/15 MP: 3/3
   179 | D:1      | Gained mutation: You are partially covered in rugged brown scales. (AC +1, +3% HP) [demonic ancestry]
   179 | D:1      | Reached XP level 2. HP: 15/21 MP: 3/5
   208 | D:1      | Learned a level 2 spell: Sticks to Snakes
   927 | D:1      | Reached XP level 3. HP: 24/26 MP: 6/6
  1651 | D:2      | Gained mutation: A weak demonic guardian rushes to your aid. [demonic ancestry]
  1651 | D:2      | Reached XP level 4. HP: 33/33 MP: 7/7
  1994 | D:3      | Learned a level 3 spell: Spider Form
  2406 | D:3      | Gained mutation: You are partially covered in sharp spines. [demonic ancestry]
  2406 | D:3      | Reached XP level 5. HP: 32/39 MP: 8/8
  2502 | D:3      | Noticed Ijyb
  2527 | D:3      | Blown up by Ijyb

Vault maps used:
D:1:      ebering_trefoil_3fold, minmay_tetromino_o4
D:3:      nicolae_ru_path_of_blood, yredelemnul_forgotten_temple_becter,
          first_ration, grunt_qazlal_sundering, uniq_ijyb

Skill      XL: |  1  2  3  4 |
---------------+-------------+-----
Transmutations | 2 3 |  3.0
Unarmed Combat | 3 |  3.7
Fighting       | 2 |  2.1
Dodging        | |  1.7
Spellcasting   | |  2.6

Action                   |  1- 3 |  4- 6 || total
-------------------------+-------+-------++-------
Melee: Unarmed           |   117 |       ||   117
       Kick              |     7 |     2 ||     9
       Punch             |     3 |     1 ||     4
       Headbutt          |     2 |     3 ||     5
       Spear             |    48 |    85 ||   133
 Cast: Beastly Appendage |    11 |     4 ||    15
       Sticks to Snakes  |     6 |     6 ||    12
  Use: Scroll            |     2 |     2 ||     4
       Potion            |       |     2 ||     2
 Stab: Distracted        |       |     1 ||     1
  Eat: Chunk             |     3 |     3 ||     6
Armor: Robe              |    28 |       ||    28
       Ring mail         |    71 |     8 ||    79
       Leather armour    |       |     6 ||     6
       Skin              |       |     3 ||     3
Dodge: Dodged            |   156 |    32 ||   188
Block: Buckler           |       |     1 ||     1

Table legend:
 A = Spawn XP
 B = Non-spawn XP
 C = Spawn XP percentage of total XP
 D = Spawn monster count
 E = Non-spawn monster count
 F = Spawn count percentage of total count
 G = Total turns spent on level
                    A         B        C        D         E        F      G
               +---------+---------+-------+---------+---------+-------+---------
         Total |       0 |     204 |   0.0 |       0 |      60 |   0.0 |  2527
               +---------+---------+-------+---------+---------+-------+---------
           D:1 |       0 |      41 |   0.0 |       0 |      25 |   0.0 |   942
           D:2 |       0 |      72 |   0.0 |       0 |      18 |   0.0 |  1043
           D:3 |       0 |      91 |   0.0 |       0 |      17 |   0.0 |   542
               +---------+---------+-------+---------+---------+-------+---------
